 Dungeon Crawl Stone Soup version 0.27-a0-1456-gf5a116941d (webtiles) character file.

Game seed: 12749302906794108113

1736 robertstho the Thaumaturge (level 8, -3/42 HPs)
             Began as a Deep Elf Fire Elementalist on July 6, 2021.
             Was an Initiate of Sif Muna.
             Killed from afar by a white imp (10 damage)
             ... with a puff of frost
             ... on level 6 of the Dungeon.
             The game lasted 00:10:38 (7865 turns).

robertstho the Thaumaturge (DEFE)                   Turns: 7865, Time: 00:10:41

Health: -3/42      AC:  3    Str:  5    XL:     8   Next: 76%
Magic:  14/23      EV: 13    Int: 23    God:    Sif Muna [......]
Gold:   284        SH:  0    Dex: 15    Spells: 13/26 levels left

rFire    . . .     SeeInvis .   j - +3 dire flail (venom)
rCold    . . .     Faith    .   (shield currently unavailable)
rNeg     . . .     Spirit   .   a - +0 robe
rPois    .         Reflect  .   l - +0 helmet
rElec    .         Harm     .   (no cloak)
rCorr    .         Rampage  .   (no gloves)
Will     .....                  (no boots)
Stlth    ++........             (no amulet)
HPRegen  0.14/turn              (no ring)
MPRegen  0.18/turn              (no ring)

@: no status effects
A: no striking features
a: Renounce Religion


You were on level 6 of the Dungeon.
You worshipped Sif Muna.
Sif Muna was noncommittal.
You visited 2 branches of the dungeon, and saw 7 of its levels.

You collected 284 gold pieces.

Inventory:

Hand Weapons
 b - a +0 dagger
 j - a +3 dire flail of venom (weapon)
Armour
 a - a +0 robe (worn)
 l - a +0 helmet (worn)
Jewellery
 u - a +6 ring of dexterity
Wands
 k - a wand of iceblast (4)
 m - a wand of polymorph (9)
 t - a wand of flame (18)
Scrolls
 c - a scroll of magic mapping
 d - a scroll of blinking
 n - a scroll of fear {unknown}
 r - a scroll of identify
Potions
 e - 2 potions of flight
 f - a potion of curing
 g - 3 potions of magic
 h - 3 potions of attraction
 i - 2 potions of mutation {unknown}
 o - 2 potions of haste
 p - a potion of resistance {unknown}
 q - a potion of ambrosia {unknown}
 s - a potion of might {unknown}
 v - a potion of heal wounds {unknown}


   Skills:
 + Level 0.8 Fighting
 + Level 0.7 Maces & Flails
 + Level 3.1 Dodging
 + Level 3.3 Stealth
 * Level 9.6 Spellcasting
 * Level 6.1 Conjurations
 * Level 7.3 Fire Magic


You had 13 spell levels left.
You knew the following spells:

 Your Spells              Type           Power      Damage    Failure   Level
a - Foxfire               Conj/Fire      100%       2x1d9     1%          1
b - Conjure Flame         Conj/Fire      42%        6-21      1%          3
c - Sticky Flame          Conj/Fire      42%        2d6       3%          4
d - Fireball              Conj/Fire      21%        3d10      11%         5

Your spell library contained the following spells:

 Spells                   Type           Power      Damage    Failure   Level
 Inner Flame              Hex/Fire       28%        N/A       3%          3
 Gell's Gravitas          Tloc           5%         N/A       19%         3
 Teleport Other           Tloc           11%        N/A       19%         3
 Dispersal                Tloc           5%         N/A       100%        6


Dungeon Overview and Level Annotations

Branches:
Dungeon (6/15)             Temple (1/1) D:4

Altars:
Ashenzari
Dithmenos
Elyvilon
Gozag
Hepliaklqana
Kikubaaqudgha
Makhleb
Nemelex Xobeh
Okawaru
Ru
Sif Muna
Trog
Uskayaw
Wu Jian
Xom
Zin
The Shining One

Annotations:
D:4 1 runed translucent door, Crazy Yiuf


Message History

The foxfire hits something.
The foxfire hits the bullfrog zombie.
The bullfrog zombie is lightly damaged.
Something hits you.
Casting: Foxfire (safe; 1% risk of failure)
Press: ? - help, Q - select action, (/) - cycle Dir - look around, f - activate You conjure some foxfire!
The foxfire hits the bullfrog zombie.
The bullfrog zombie is lightly damaged.
The foxfire hits the bullfrog zombie.
The bullfrog zombie is moderately damaged.
Something barely misses you. The white imp gestures at you.
The puff of frost misses you. The puff of frost hits your foxfire!
The bullfrog zombie hits you but does no damage.
Casting: Foxfire (safe; 1% risk of failure)
Press: ? - help, Q - select action, (/) - cycle Dir - look around, f - activate You conjure some foxfire!
The foxfire hits the bullfrog zombie!
The bullfrog zombie is heavily damaged.
The foxfire hits something. x2; The bullfrog zombie barely misses you.
Something hits you!
* * * LOW HITPOINT WARNING * * *
The bullfrog zombie hits you.
* * * LOW HITPOINT WARNING * * *
Unknown command.
Casting: Foxfire (safe; 1% risk of failure)
Confirm with . or Enter, or press ? or * to list all spells.
Aiming: Sticky Flame (dangerous; 3% risk of failure)
Press: ? - help, Shift-Dir - straight line, f - bullfrog zombie
Aim: a bullfrog zombie (heavily damaged, 100% to hit)
The sticky flame hits the bullfrog zombie!
The bullfrog zombie is severely damaged.
The bullfrog zombie is covered in liquid flames!
The bullfrog zombie burns!
The foxfire hits something but does no damage.
Something hits you.
* * * LOW HITPOINT WARNING * * *
The white imp gestures at you. The puff of frost hits you!
You die...

###.#......)..
####......##.....
#......#####.....
######.#.........
#.......###.....
#......####.....
#########...............
....>...#....†.#####....
.......@.......# #....
....)5.Z#......# #####
........#......#
........#.....)#
........#......#
........########
........# ........#


You could see a white imp and a bullfrog zombie (burning).

Vanquished Creatures
  A gargoyle (D:5)
  Sigmund (D:4)
  Edmund (D:4)
  A sky beast (D:6)
  An ogre (D:6)
  A centaur (D:4)
  A phantom (D:5)
  A bullfrog (D:6)
  A scorpion (D:5)
  A wyvern zombie (D:6)
  3 wights (D:6)
  A hound (D:6)
  2 jellies
  An orc priest (D:6)
  2 centaur skeletons (D:5)
  An iguana (D:5)
  3 orc wizards
  A killer bee zombie (D:6)
  2 hound skeletons
  Robin (D:4)
  A gnoll (D:1)
  9 adders
  An ufetubus (D:3)
  3 dart slugs
  2 worms
  18 orcs
  3 endoplasms
  3 giant cockroaches
  14 goblins
  7 hobgoblins
  3 jackals (D:3)
  3 quokkas
  3 ball pythons
  3 bats
  2 frilled lizards
  6 kobolds
  6 rats
114 creatures vanquished.

Vanquished Creatures (collateral kills)
  A foxfire (D:1)
1 creature vanquished.

Vanquished Creatures (others)
  563 foxfires
  2 plants (D:1)
565 creatures vanquished.

Grand Total: 680 creatures vanquished

Notes
Turn   | Place    | Note
-------+----------+-------------------------------------------
     0 | D:1      | robertstho the Deep Elf Fire Elementalist began the quest
                  | for the Orb.
     0 | D:1      | Reached XP level 1. HP: 10/10 MP: 6/6
   318 | D:1      | Reached XP level 2. HP: 15/15 MP: 2/8
  1085 | D:1      | Found a faded altar of an unknown god.
  1232 | D:2      | Reached XP level 3. HP: 4/19 MP: 5/10
  2598 | D:3      | Reached skill level 4 in Spellcasting
  2838 | D:3      | Reached XP level 4. HP: 17/24 MP: 9/12
  3299 | D:3      | Found an ancient bone altar of Kikubaaqudgha.
  3678 | D:3      | Reached skill level 5 in Spellcasting
  3956 | D:4      | Noticed Sigmund
  3965 | D:4      | Killed Sigmund
  3966 | D:4      | Reached skill level 6 in Spellcasting
  3966 | D:4      | Reached skill level 5 in Fire Magic
  3966 | D:4      | Reached XP level 5. HP: 8/28 MP: 4/15
  3966 | D:4      | Reached XP level 6. HP: 10/32 MP: 4/17
  4204 | D:4      | Noticed Edmund
  4225 | D:4      | Killed Edmund
  4491 | D:4      | Found a runed translucent door.
  4492 | D:4      | Noticed Crazy Yiuf
  4550 | D:4      | Found a staircase to the Ecumenical Temple.
  4564 | Temple   | Entered the Ecumenical Temple
  5030 | D:4      | Reached XP level 7. HP: 17/36 MP: 19/19
  5459 | D:4      | Noticed Robin
  5468 | D:4      | Killed Robin
  5637 | D:4      | Learned a level 3 spell: Conjure Flame
  5642 | D:4      | Learned a level 4 spell: Sticky Flame
  5648 | D:4      | Learned a level 5 spell: Fireball
  5727 | D:4      | Found a faded altar of an unknown god.
  5727 | D:4      | Found a hazy altar of Hepliaklqana.
  5729 | D:4      | Found a faded altar of an unknown god.
  5870 | D:5      | Entered Level 5 of the Dungeon
  5987 | D:5      | Noticed a gargoyle
  6000 | D:5      | Killed a gargoyle
  6001 | D:5      | Reached skill level 7 in Spellcasting
  6248 | D:5      | Reached skill level 8 in Spellcasting
  6248 | D:5      | Reached XP level 8. HP: 42/42 MP: 17/22
  6332 | D:5      | Reached skill level 5 in Conjurations
  7140 | D:6      | Reached skill level 9 in Spellcasting
  7625 | D:6      | Found a shimmering altar of Xom.
  7710 | D:6      | Found a shimmering blue altar of Sif Muna.
  7766 | D:6      | Became a worshipper of Sif Muna the Loreminder
  7865 | D:6      | Killed from afar by a white imp

Illustrated notes

Levels and vault maps discovered:
D:1:      minmay_arrival_solitary_statue, layout_basic,
          shapermc_ecumenical_altar_mp_urbaneastern, serial_forest,
          infiniplex_forest_end_1, infiniplex_forest_split,
          infiniplex_forest_end_1, infiniplex_forest_clump_cross,
          infiniplex_forest_clump_diagonal, roderic_roman_lattice
D:2:      layout_rooms, amcnicky_mini_corridor_feature, kennysheep_doodads
D:3:      layout_loops_ring, marbit_many_paths
D:4:      layout_loops_corners, nicolae_hepliaklqana_ecumenical_no_more,
          minmay_temple_entry_waves, st_stairs_11, minmay_misc_feat_enclosed,
          serial_park_tiny_1, uniq_sigmund, uniq_crazy_yiuf_cottage, uniq_robin,
          uniq_edmund
D:5:      layout_loops_ring
D:6:      layout_rooms, kennysheep_mini, nicolae_overflow_hidden_temple,
          nicolae_benzene_ring
Temple:   dshaligram_water_room_temple

Skill      XL: |  1  2  3  4  5  6  7  8 |
---------------+-------------------------+-----
Fire Magic     | 4 5 6 7 |  7.3
Spellcasting   | 4 6 8 9 |  9.6
Conjurations   | 2 3 4 6 |  6.1
Stealth        | 3 |  3.3
Dodging        | 3 |  3.1
Fighting       | |  0.8
Maces & Flails | |  0.7

Action                   |  1- 3 |  4- 6 |  7- 9 || total
-------------------------+-------+-------+-------++-------
Melee: Dagger            |     2 |       |       ||     2
       Dire flail        |       |     5 |     5 ||    10
 Cast: Foxfire           |   103 |   103 |   162 ||   368
       Sticky Flame      |       |       |     5 ||     5
  Use: Potion            |     3 |     3 |       ||     6
       Scroll            |     2 |     2 |     2 ||     6
Armor: Robe              |     5 |     6 |     5 ||    16
Dodge: Dodged            |    13 |    21 |    12 ||    46

Table legend: (Time is in decaauts)
 A = Elapsed time spent in this place.
 B = Non-inter-level travel time spent in this place.
 C = Inter-level travel time spent in this place.
 D = Time resting spent in this place.
 E = Time spent auto-exploring this place.
 F = Levels seen in this place.
 G = Mean time per level.
                   A        B        C        D        E       F      G
               +--------+--------+--------+--------+--------+-----+--------+
         Total |   7865 |   7684 |    181 |    287 |   6596 |   7 | 1123.6 |
       Dungeon |   7761 |   7602 |    159 |    287 |   6514 |   6 | 1293.5 |
        Temple |    103 |     82 |     21 |      0 |     82 |   1 |  103.0 |
               +--------+--------+--------+--------+--------+-----+--------+

Top non-repeatable levels by time:
     D:4: 1965 daAuts
     D:3: 1542 daAuts
     D:1: 1214 daAuts
     D:5: 1058 daAuts
     D:2: 1043 daAuts
     D:6: 937 daAuts
  Temple: 103 daAuts
